 Dungeon Crawl Stone Soup version 0.27-a0-1187-ge80a49f48c (webtiles) character file.

Game seed: 93696841236323066

14928 Ijustatesigmund the Cleaver (level 12, -2/112 HPs)
             Began as a Hill Orc Fighter on May 20, 2021.
             Was a Priest of Cheibriados.
             Slain by Snorg (5 damage)
             ... on level 12 of the Dungeon.
             The game lasted 00:23:06 (12382 turns).

Ijustatesigmund the Cleaver (Hill Orc Fighter)     Turns: 12382, Time: 00:23:07

Health: -2/112     AC: 19    Str: 28 (29) XL:     12   Next: 21%
Magic:  18/18      EV:  8    Int: 15 (18) God:    Cheibriados [***...]
Gold:   501        SH: 13    Dex: 29 (31) Spells: 11/11 levels left

rFire    . . .     SeeInvis .   x - +1 war axe (vorpal)
rCold    + + .     Faith    .   c - +0 kite shield
rNeg     . . .     Spirit   .   g - +1 plate armour of Kiappici {rC++ Dex+6}
rPois    +         Reflect  .   (no helmet)
rElec    .         Harm     .   (no cloak)
rCorr    .         Rampage  .   (no gloves)
Will     .....                  f - +2 pair of boots "Qonisuas" {Slay+3}
Stlth    ..........             (no amulet)
HPRegen  0.28/turn              i - ring of poison resistance
MPRegen  0.16/turn              h - +6 ring of dexterity

@: very slow
A: no striking features
a: Renounce Religion, Bend Time, Temporal Distortion


You were on level 12 of the Dungeon.
You worshipped Cheibriados.
Cheibriados was most pleased with you.
You visited 2 branches of the dungeon, and saw 14 of its levels.

You collected 1493 gold pieces.
You spent 992 gold pieces at shops.

Inventory:

Hand Weapons
 a - a +2 war axe
 p - a +0 vorpal flail
 x - a +1 vorpal war axe (weapon)
Missiles
 q - 2 curare-tipped darts (quivered)
Armour
 c - a +0 kite shield (worn)
 f - the +2 pair of boots "Qonisuas" (worn) {Slay+3}
   (You bought it in a shop on level 3 of the Dungeon)

   It affects your accuracy and damage with ranged weapons and melee attacks
   (+3).
 g - the +1 plate armour of Kiappici (worn) {rC++ Dex+6}
   (You bought it in a shop on level 3 of the Dungeon)

   It affects your dexterity (+6).
   It greatly protects you from cold.
Jewellery
 h - a +6 ring of dexterity (right hand)
 i - a ring of poison resistance (left hand)
Wands
 l - a wand of flame (16)
 s - a wand of iceblast (6)
Scrolls
 e - 2 scrolls of enchant weapon
 k - a scroll of amnesia
 m - a scroll of summoning
 u - a scroll of silence
Potions
 b - a potion of curing
 d - a potion of might
 j - 4 potions of attraction
 n - a potion of flight {unknown}
 o - a potion of degeneration
 r - a potion of lignification {unknown}
 t - a potion of cancellation
 v - a potion of heal wounds {unknown}
 w - a potion of brilliance
 z - 2 potions of haste {unknown}


   Skills:
 + Level 11.9 Fighting
 + Level 13.6 Axes
 - Level 0.2 Throwing
 + Level 11.2 Armour
 - Level 2.3 Dodging
 - Level 0.9 Stealth
 - Level 5.9 Shields
 + Level 8.5 Invocations
 - Level 0.5 Evocations


You had 11 spell levels left.
You didn't know any spells.
Your spell library contained the following spells:

 Spells                   Type           Power      Damage    Failure   Level
 Animate Skeleton         Necr           0%         N/A       100%        1
 Apportation              Tloc           0%         N/A       100%        1
 Corona                   Hex            0%         N/A       100%        1
 Foxfire                  Conj/Fire      0%         2x1d4     100%        1
 Magic Dart               Conj           0%         1d3       100%        1
 Sting                    Tmut/Pois      0%         1d3       100%        1
 Summon Small Mammal      Summ           0%         N/A       100%        1
 Ensorcelled Hibernation  Hex/Ice        0%         N/A       100%        2
 Searing Ray              Conj           0%         3d3       100%        2
 Confusing Touch          Hex            0%         N/A       100%        3
 Dazzling Flash           Conj/Hex       0%         N/A       100%        3
 Mephitic Cloud           Conj/Pois/Air  0%         N/A       100%        3
 Tukima's Dance           Hex            0%         N/A       100%        3
 Fulminant Prism          Conj/Hex       0%         3d6       100%        4
 Iskenderun's Mystic Bla  Conj/Tloc      0%         2d3       100%        4
 Sticky Flame             Conj/Fire      0%         2d3       100%        4
 Alistair's Intoxication  Tmut/Pois      0%         N/A       100%        5
 Eringya's Noxious Bog    Tmut/Pois      0%         N/A       100%        6


Dungeon Overview and Level Annotations

Branches:
Dungeon (13/15)            Temple (1/1) D:5            Lair (0/6) D:10
    Orc (0/2) D:10
 Vaults: D:13-14

Altars:
Ashenzari
Cheibriados
Dithmenos
Elyvilon
Fedhas
Gozag
Hepliaklqana
Kikubaaqudgha
Makhleb
Nemelex Xobeh
Okawaru
Qazlal
Ru
Sif Muna
Trog
Uskayaw
Vehumet
Wu Jian
Xom
Yredelemnul
Zin
The Shining One

Shops:
D:3 *   D:4 [=:[

Annotations:
D:8 5 runed translucent doors
D:9 3 runed translucent doors, Sergey's ghost, novice NaFE
D:12 Snorg


Message History

Snorg is moderately wounded.
You block Snorg's attack. Snorg claws you but does no damage. Snorg claws you.
You block Snorg's attack. Snorg claws you! x2
You are too injured to fight recklessly!
You are too injured to fight recklessly!
You are too injured to fight recklessly!
You are too injured to fight recklessly!
You are too injured to fight recklessly!
You are too injured to fight recklessly!
You are too injured to fight recklessly!
You are too injured to fight recklessly!
You are too injured to fight recklessly!
You are too injured to fight recklessly!
Okay, then.
You slash Snorg!
Snorg is moderately wounded.
You block Snorg's attack. Snorg claws you! x2
* * * LOW HITPOINT WARNING * * *
You hit Snorg.
Snorg is moderately wounded.
Snorg closely misses you. You block Snorg's attack. Snorg barely misses you.
You block Snorg's attack. Snorg claws you.
* * * LOW HITPOINT WARNING * * *
Snorg completely misses you.
You slash Snorg!
Snorg is heavily wounded.
Snorg bites you!
* * * LOW HITPOINT WARNING * * *
You block Snorg's attack. Snorg barely misses you.
Snorg bites you but does no damage. Snorg claws you.
* * * LOW HITPOINT WARNING * * *
You block Snorg's attack.
Unknown command.
Unknown command.
Okay, then.
It was a potion of degeneration.
There was something very wrong with that liquid.
You feel weakened.
You feel dopey.
You feel clumsy. You block Snorg's attack. Snorg claws you.
You die...

#......# #####....
#......# #....>...
#......###.###....
#......##..# ###.#
#......'..## ##..#
#......#### #..##
##'##### #)## #..#
#)# #@## ###'###
#...T...# #......
#.#####.######......
#. +....'...... +
######...... #....[.
######' ##... #..##


You could see Snorg (berserk).

Vanquished Creatures
  A rakshasa (D:12)
  A hydra (D:12)
  3 two-headed ogres
  A tengu warrior (D:10)
  2 cyclopes
  A centaur zombie (D:6)
  A gargoyle (D:10)
  Maggie (D:8)
  Psyche (D:8)
  A troll (D:12)
  A hornet (D:5)
  A hornet (shapeshifter) (D:10)
  5 slime creatures (D:12)
  9 yaks
  4 wyverns
  4 vampire mosquitoes (D:13)
  An acid dragon (D:12)
  2 water moccasins (D:7)
  5 orc warriors
  An ice beast (D:6)
  2 black bears
  2 ogres
  10 centaurs
  4 kobold brigands
  3 bullfrogs
  2 gnoll sergeants
  5 scorpions
  A water moccasin skeleton (D:5)
  14 killer bees
  5 howler monkeys
  A bullfrog zombie (D:5)
  6 hounds
  2 orc priests
  A gnoll shaman (D:7)
  2 jellies
  A bullfrog skeleton (D:4)
  A scorpion zombie (D:5)
  5 iguanas
  11 orc wizards
  3 killer bee zombies
  2 howler monkey zombies
  14 gnolls
  3 howler monkey skeletons
  11 adders
  A shadow imp (D:6)
  2 white imps
  2 ufetubi
  A worm (D:2)
  2 dart slugs
  28 orcs
  8 ball pythons
  4 bats
  3 endoplasms
  4 giant cockroaches
  9 hobgoblins
  4 jackals (D:3)
  4 quokkas
  2 frilled lizards
  5 goblins
  20 kobolds
  3 rats (D:1)
  A butterfly (D:5)
260 creatures vanquished.

Vanquished Creatures (others)
  An orc wizard (D:5)
1 creature vanquished.

Grand Total: 261 creatures vanquished

Notes
Turn   | Place    | Note
-------+----------+-------------------------------------------
     0 | D:1      | Ijustatesigmund the Hill Orc Fighter began the quest for
                  | the Orb.
     0 | D:1      | Reached XP level 1. HP: 19/19 MP: 1/1
    17 | D:1      | Reached skill level 3 in Axes
   210 | D:1      | Reached XP level 2. HP: 17/27 MP: 2/2
   786 | D:2      | Identified a scroll of acquirement
   786 | D:2      | Acquired 944 gold pieces
   815 | D:2      | Reached skill level 4 in Axes
   854 | D:2      | Reached XP level 3. HP: 30/33 MP: 3/3
  1574 | D:3      | Reached XP level 4. HP: 38/41 MP: 4/4
  1587 | D:3      | Reached skill level 5 in Axes
  1700 | D:3      | Found Yfeather's General Store.
  1708 | D:3      | Bought the +2 pair of boots "Qonisuas" {Slay+3} for 341
                  | gold pieces
  1708 | D:3      | Bought the +1 plate armour of Kiappici {rC++ Dex+6} for 651
                  | gold pieces
  2053 | D:4      | Reached XP level 5. HP: 41/47 MP: 5/5
  2215 | D:4      | Noticed a black bear
  2224 | D:4      | Killed a black bear
  2225 | D:4      | Reached skill level 5 in Fighting
  2225 | D:4      | Reached skill level 6 in Axes
  2225 | D:4      | Reached XP level 6. HP: 54/56 MP: 6/6
  2340 | D:4      | Found Yvuvoyn's Jewellery Emporium.
  2380 | D:4      | Found Ejioviwk's Antique Armour Emporium.
  2417 | D:4      | Found Pist's Book Boutique.
  2475 | D:4      | Found Wetzum's Armour Emporium.
  2705 | D:5      | Entered Level 5 of the Dungeon
  2968 | D:5      | Found a staircase to the Ecumenical Temple.
  3246 | D:5      | Reached skill level 5 in Armour
  3246 | D:5      | Reached XP level 7. HP: 63/63 MP: 7/7
  3362 | D:5      | Reached skill level 7 in Axes
  3746 | D:5      | Reached XP level 8. HP: 62/73 MP: 8/8
  3779 | D:5      | Reached skill level 8 in Axes
  3977 | D:5      | Noticed a hornet
  3978 | D:5      | Noticed a wyvern
  3985 | D:5      | Killed a hornet
  3990 | D:5      | Killed a wyvern
  4244 | D:5      | Identified Foluts's Incunabulum of Igneous Contamination
  4387 | Temple   | Entered the Ecumenical Temple
  4420 | Temple   | Became a worshipper of Cheibriados the Contemplative
  4903 | D:6      | Reached skill level 1 in Invocations
  4916 | D:6      | Reached skill level 9 in Axes
  5016 | D:6      | Reached XP level 9. HP: 81/82 MP: 9/11
  5087 | D:6      | Reached * piety under Cheibriados
  5744 | D:7      | Reached skill level 10 in Axes
  5753 | D:7      | Reached ** piety under Cheibriados
  5763 | D:7      | Reached skill level 5 in Invocations
  6453 | D:7      | Reached XP level 10. HP: 53/91 MP: 14/14
  6568 | D:7      | Reached skill level 1 in Dodging
  6913 | D:7      | Found a glowing silver altar of Zin.
  7065 | D:8      | Found the +9 staff of Olgreb {rPois∞}
  7067 | D:8      | Found a runed translucent door.
  7067 | D:8      | Noticed Psyche
  7068 | D:8      | Noticed Maggie
  7079 | D:8      | Killed Maggie
  7175 | D:8      | Identified the +0 whip of the Howling Stoat {elec, Dex+4}
  7514 | D:8      | Reached *** piety under Cheibriados
  7574 | D:8      | Reached skill level 10 in Fighting
  7703 | D:8      | Killed Psyche
  7704 | D:8      | Reached skill level 11 in Axes
  7736 | D:8      | Found a runed translucent gate.
  7737 | D:8      | Found a runed translucent gate.
  7750 | D:8      | Found a runed translucent gate.
  7758 | D:8      | Found a runed translucent door.
  8399 | D:9      | Reached **** piety under Cheibriados
  8502 | D:9      | Found a runed translucent gate.
  8502 | D:9      | Found a runed translucent gate.
  8502 | D:9      | Found a runed translucent gate.
  8504 | D:9      | Found an opulent altar of Gozag.
  8504 | D:9      | Noticed a deep troll earth mage
  8505 | D:9      | Noticed a boulder beetle
  8505 | D:9      | Noticed Sergey's ghost (novice NaFE)
  8795 | D:9      | Noticed a two-headed ogre
  8800 | D:9      | Killed a two-headed ogre
  8801 | D:9      | Reached skill level 12 in Axes
  8801 | D:9      | Reached XP level 11. HP: 31/101 MP: 16/16
  9438 | D:10     | Entered Level 10 of the Dungeon
  9490 | D:10     | Noticed a two-headed ogre
  9499 | D:10     | Killed a two-headed ogre
  9500 | D:10     | Reached skill level 10 in Armour
  9520 | D:10     | Noticed a two-headed ogre
  9527 | D:10     | Killed a two-headed ogre
  9528 | D:10     | Reached skill level 5 in Shields
  9743 | D:10     | Found a staircase to the Orcish Mines.
  9851 | D:10     | Noticed a cyclops
  9852 | D:10     | Noticed an orc knight
  9852 | D:10     | Noticed a tengu warrior
  9861 | D:10     | Killed a cyclops
 10378 | D:10     | Killed a tengu warrior
 10785 | D:10     | Found a staircase to the Lair.
 10815 | D:11     | Noticed a boulder beetle
 10815 | D:11     | You fall into a shaft and drop 2 floors!
 10856 | D:13     | Reached ***** piety under Cheibriados
 10901 | D:13     | Noticed an eight-headed hydra
 10906 | D:13     | Noticed a rakshasa
 10919 | D:12     | Killed an eight-headed hydra
 10920 | D:12     | Reached skill level 13 in Axes
 10930 | D:12     | Killed a rakshasa
 11203 | D:12     | Noticed a cyclops
 11209 | D:12     | Reached XP level 12. HP: 91/110 MP: 17/17
 12372 | D:12     | Noticed Snorg
 12381 | D:12     | HP: 5/112 [Snorg (10)]
 12381 | D:12     | HP: 2/112 [Snorg (3)]
 12382 | D:12     | Slain by Snorg

Illustrated notes

Levels and vault maps discovered:
D:1:      wander_arrival_chamber, layout_basic
D:2:      layout_rooms, fountainhead
D:3:      layout_basic, serial_shops, shop
D:4:      layout_loops_ring, serial_shops, nicolae_shop_statue_plus, shop,
          nicolae_shop_stone, nicolae_shop_statue_plus, nrook_mini_backslash,
          chequers_serial_rivers_small_b
D:5:      kennysheep_windowed_halls, layout_basic,
          minmay_temple_entry_butterflies
D:6:      layout_rooms
D:7:      layout_cave_pods, zin_treasury, hangedman_abyss_or_decor_lesser_grid,
          minmay_bent
D:8:      layout_basic, minmay_guarded_unrand_staff_of_olgreb, uniq_maggie,
          uniq_psyche
D:9:      layout_irregular_city, ebering_ghost_gozag
D:10:     layout_loops_ring, lair_entry_dummy, orc_0_dummy, minmay_radiant
D:11:     nzn_motion_control, layout_stronghold, uniq_harold
D:12:     layout_roguey, gauntlet_entry_generic, uniq_snorg
D:13:     kennysheep_kobold_grotto, layout_basic
Temple:   regret_index_temple_sigil_plot

Skill      XL: |  1  2  3  4  5  6  7  8  9 10 11 12 |
---------------+-------------------------------------+-----
Axes           | 3 4 5 6 7 9 10 12 13 | 13.6
Fighting       | 4 5 6 7 8 9 10 11 | 11.9
Armour         | 4 5 6 7 8 9 11 | 11.2
Invocations    | 3 5 6 7 8 |  8.5
Dodging        | 2 |  2.3
Shields        | 4 5 |  5.9
Throwing       | |  0.2
Stealth        | |  0.9
Evocations     | |  0.5

Action                   |  1- 3 |  4- 6 |  7- 9 | 10-12 || total
-------------------------+-------+-------+-------+-------++-------
Melee: War axe           |    85 |   113 |   207 |   294 ||   699
       Flail             |       |       |       |    14 ||    14
Throw: Dart              |       |       |       |     2 ||     2
Invok: Slouch            |       |       |       |     4 ||     4
Evoke: Wand              |       |       |       |     5 ||     5
  Use: Scroll            |     8 |     3 |     2 |     7 ||    20
       Potion            |       |       |     2 |     5 ||     7
Armor: Scale mail        |    39 |     7 |       |       ||    46
       Plate armour      |       |    82 |   183 |   200 ||   465
Dodge: Dodged            |    23 |    14 |    37 |    66 ||   140
Block: Kite shield       |    38 |    58 |   154 |   256 ||   506

Table legend: (Time is in decaauts)
 A = Elapsed time spent in this place.
 B = Non-inter-level travel time spent in this place.
 C = Inter-level travel time spent in this place.
 D = Time resting spent in this place.
 E = Time spent auto-exploring this place.
 F = Levels seen in this place.
 G = Mean time per level.
                   A        B        C        D        E       F      G
               +--------+--------+--------+--------+--------+-----+--------+
         Total |  14706 |  14365 |    341 |   1796 |  10546 |  14 | 1050.4 |
       Dungeon |  14293 |  13987 |    306 |   1796 |  10179 |  13 | 1099.5 |
        Temple |    412 |    377 |     35 |      0 |    367 |   1 |  412.0 |
               +--------+--------+--------+--------+--------+-----+--------+

Top non-repeatable levels by time:
     D:7: 1849 daAuts
     D:9: 1814 daAuts
    D:10: 1768 daAuts
     D:5: 1750 daAuts
    D:12: 1710 daAuts
     D:8: 1451 daAuts
     D:6: 1026 daAuts
     D:3: 780 daAuts
     D:1: 762 daAuts
     D:4: 751 daAuts
     D:2: 484 daAuts
  Temple: 412 daAuts
    D:13: 133 daAuts
    D:11: 10 daAuts
